 Dungeon Crawl Stone Soup version 0.27-a0-1296-g8ece459b43 (console) character file.

Game seed: 16298328058940465000

2081 Hector the Grappler (level 9, -1/80 HPs)
             Began as a Troll Abyssal Knight on June 15, 2021.
             Was an Elder of Lugonu.
             Slain by a hornet (13 damage)
             ... on level 6 of the Dungeon on June 16, 2021.
             The game lasted 00:21:24 (5746 turns).

Hector the Grappler (Troll Abyssal Knight)          Turns: 5746, Time: 00:21:25

Health: -1/80      AC:  5    Str: 25    XL:     9   Next: 6%
Magic:  10/10      EV: 10    Int:  8    God:    Lugonu [****..]
Gold:   319        SH:  0    Dex:  9    Spells: 8/8 levels left

rFire    + . .     SeeInvis .     - Unarmed
rCold    . . .     Faith    +   (no shield)
rNeg     . . .     Spirit   .   n - +1 robe {rF+}
rPois    .         Reflect  .   (helmet restricted)
rElec    .         Harm     .   h - scarf {+Inv}
rCorr    +         Rampage  .   (gloves unavailable)
Will     .....                  (boots unavailable)
Stlth    +.........             k - amulet of faith
HPRegen  1.23/turn              s - ring of resist corrosion
MPRegen  0.12/turn              (no ring)

@: lethally poisoned (-1 -> -3)
A: large, unfitting armour, claws 3, regeneration 1, shaggy fur 1, tough skin 1
a: Renounce Religion, Evoke Invisibility, Depart the Abyss, Bend Space, Banish,
Corrupt


You were on level 6 of the Dungeon.
You worshipped Lugonu.
Lugonu was greatly pleased with you.
You visited 1 branch of the dungeon, and saw 7 of its levels.
You visited the Abyss 1 time.

You collected 525 gold pieces.
You spent 206 gold pieces at shops.

Inventory:

Hand Weapons
 r - a +3 spear of flaming
 x - a +1 hunting sling of freezing
 B - a +1 spear
Missiles
 g - 7 curare-tipped darts
 p - 7 boomerangs
 t - a throwing net
 w - 81 stones
Armour
 a - a +0 robe
 h - a scarf of invisibility (worn)
 n - a +1 robe of fire resistance (worn)
Jewellery
 k - an amulet of faith (around neck)
 s - a ring of resist corrosion (left claw)
Wands
 j - a wand of flame (18)
 o - a wand of digging (7)
 v - a wand of acid (2)
Scrolls
 b - 4 scrolls of noise
 c - 2 scrolls of enchant weapon
 e - 2 scrolls of enchant armour
 i - 2 scrolls of summoning
 m - a scroll of torment
 q - a scroll of fear {unknown}
 u - 2 scrolls of fog
 y - a scroll of amnesia {unknown}
 A - 2 scrolls of teleportation
 D - a scroll of magic mapping
 E - a scroll of blinking
Potions
 d - a potion of flight
 f - a potion of lignification
 l - 2 potions of heal wounds
 z - a potion of attraction
 C - a potion of brilliance


   Skills:
 + Level 2.9 Fighting
 + Level 3.1 Dodging
 * Level 10.9 Unarmed Combat
 * Level 3.3 Invocations


You had 8 spell levels left.
You didn't know any spells.
Your spell library contained the following spells:

 Spells                   Type           Power      Damage    Failure   Level
 Corona                   Hex            0%         N/A       41%         1
 Magic Dart               Conj           0%         1d3       41%         1
 Searing Ray              Conj           0%         3d3       54%         2
 Dazzling Flash           Conj/Hex       0%         N/A       78%         3
 Fulminant Prism          Conj/Hex       0%         3d6       99%         4
 Iskenderun's Mystic Bla  Conj/Tloc      0%         2d3       99%         4


Dungeon Overview and Level Annotations

Branches:
Dungeon (7/15)             Temple (0/1) D:5

Altars:
Gozag
Kikubaaqudgha
Makhleb
Sif Muna
Vehumet
Yredelemnul
Zin

Shops:
D:6 ??


Innate Abilities, Weirdness & Mutations

You are too large for most types of armour.
You have claws for hands.
Your natural rate of healing is unusually fast.
You are covered in fur. (AC +1)
You have tough skin. (AC +1)


Message History

You feel very sick. The hornet stings you!
You suddenly lose the ability to move!
The hornet stings you!
* * * LOW HITPOINT WARNING * * *
You are more poisoned.
You feel as though you will be slow longer.
You can move again.
You are quite poisoned (23 -> 13).
You are slowed.
Your movement speed is very slow.
Your attack delay is about 1.1.
Unknown command.
Unknown command.
Unknown command.
Press: ? - help, v - describe, . - travel
Here: a hornet (severely wounded)
The floor.
Unknown command.
Okay, then.
Unknown command.
Unknown command.
You scratch the hornet.
The hornet is almost dead.
You feel very sick. The hornet barely misses you.
You barely miss the hornet.
The hornet is almost dead.
You feel very sick. The hornet closely misses you. The hornet stings you.
* * * LOW HITPOINT WARNING * * *
You shrug off the repeated paralysis!
Unknown command.
Press: ? - help, v - describe, . - travel
Here: a hornet (almost dead)
The floor.
Unknown command.
You scratch the hornet.
The hornet is almost dead.
You feel yourself speed up.
You feel very sick. The hornet stings you!
You die...

#.#....# #.#.######
#.#.#....####
#.#.'....'..#
#.###....##.#
#...'.....#.#
#####.....#.###########
#.....#...........##
#..@................
#..y................
#....###.#....#.#...
#...........#.#.#...
###.#.##.##.#.#.#...
#.#.<#....#.#.#...
#......####.#.##..
#...........#.....
#......########...


You could see a hornet.

Vanquished Creatures
  A troll (D:5)
  Sigmund (D:2)
  A yak (D:5)
  2 water moccasins
  An ice beast (D:5)
  An orc warrior (D:4)
  A necrophage (D:5)
  A gnoll sergeant (D:6)
  3 scorpions
  A wyvern skeleton (D:6)
  A water moccasin zombie (D:5)
  A wight (D:5)
  A bullfrog zombie (D:6)
  3 jellies
  2 hounds (D:6)
  2 bullfrog skeletons (D:5)
  3 iguanas
  A centaur skeleton (D:5)
  2 orc wizards
  Ijyb (D:5)
  A scorpion zombie (D:5)
  A hound skeleton (D:4)
  Robin (D:1)
  7 adders
  3 gnolls (D:6)
  2 worms
  4 dart slugs
  8 orcs
  5 bats
  8 endoplasms
  6 giant cockroaches
  18 goblins
  13 hobgoblins
  4 jackals
  9 kobolds
  7 quokkas
  9 ball pythons
  2 frilled lizards
  3 rats
141 creatures vanquished.

Notes
Turn   | Place    | Note
-------+----------+-------------------------------------------
     0 | Abyss:1  | Hector the Troll Abyssal Knight began the quest for the
                  | Orb.
     0 | Abyss:1  | Reached XP level 1. HP: 22/22 MP: 1/1
     6 | D:1      | Escaped the Abyss
   145 | D:1      | Reached XP level 2. HP: 29/29 MP: 2/2
   189 | D:1      | Reached skill level 3 in Unarmed Combat
   335 | D:1      | Reached ** piety under Lugonu
   339 | D:1      | Reached XP level 3. HP: 36/36 MP: 3/3
   420 | D:1      | Found a faded altar of an unknown god.
   587 | D:2      | Noticed Robin
   587 | D:2      | Noticed Sigmund
   642 | D:2      | Reached skill level 4 in Unarmed Combat
   907 | D:1      | Reached XP level 4. HP: 30/44 MP: 4/4
   931 | D:1      | Killed Robin
  1215 | D:2      | Killed Sigmund
  1216 | D:2      | Reached skill level 6 in Unarmed Combat
  1216 | D:2      | Reached XP level 5. HP: 30/50 MP: 5/5
  1823 | D:3      | Reached *** piety under Lugonu
  1938 | D:3      | Reached XP level 6. HP: 53/53 MP: 6/6
  1957 | D:3      | Found a burning altar of Makhleb.
  2010 | D:3      | Found an opulent altar of Gozag.
  2141 | D:3      | Found a glowing silver altar of Zin.
  2961 | D:4      | Noticed an orc warrior
  2981 | D:4      | Killed an orc warrior
  2996 | D:4      | Reached skill level 7 in Unarmed Combat
  3231 | D:4      | Noticed a water moccasin
  3239 | D:4      | Killed a water moccasin
  3240 | D:4      | Reached XP level 7. HP: 39/66 MP: 7/7
  3321 | D:4      | Found a radiant altar of Vehumet.
  3321 | D:4      | Found an ancient bone altar of Kikubaaqudgha.
  3322 | D:4      | Found a shimmering blue altar of Sif Muna.
  3330 | D:4      | Identified Sif Muna's Almanac of Curses
  3599 | D:5      | Entered Level 5 of the Dungeon
  3679 | D:5      | Noticed Ijyb
  3730 | D:5      | Reached **** piety under Lugonu
  3757 | D:5      | Reached skill level 8 in Unarmed Combat
  3930 | D:5      | Killed Ijyb
  3936 | D:5      | Reached skill level 9 in Unarmed Combat
  3936 | D:5      | Reached XP level 8. HP: 69/74 MP: 8/8
  3985 | D:5      | Noticed a troll
  3996 | D:5      | HP: 3/74 [troll (10)]
  3996 | D:5      | HP: 1/74 [troll (2)]
  4596 | D:5      | Found a staircase to the Ecumenical Temple.
  4642 | D:5      | Reached skill level 10 in Unarmed Combat
  4772 | D:5      | Killed a troll
  5120 | D:6      | Found Ackap's Magic Scroll Shoppe.
  5182 | D:6      | Bought a scroll of identify for 24 gold pieces
  5182 | D:6      | Bought a scroll of teleportation for 36 gold pieces
  5182 | D:6      | Bought a scroll of magic mapping for 42 gold pieces
  5265 | D:6      | Found a basalt altar of Yredelemnul.
  5364 | D:6      | Found Zomiq's Magic Scroll Shop.
  5372 | D:6      | Bought a scroll of identify for 22 gold pieces
  5372 | D:6      | Bought a scroll of blinking for 82 gold pieces
  5406 | D:6      | Reached XP level 9. HP: 73/80 MP: 10/10
  5743 | D:6      | Paralysed by a hornet for 1 turns
  5746 | D:6      | Slain by a hornet

Illustrated notes

Levels and vault maps discovered:
D:1:      lemuel_arrival_muddy, layout_basic, chequers_ecumenical_altar_simple
D:2:      layout_loops_ring, nrook_campfire, minmay_tetromino_t4, uniq_robin,
          uniq_sigmund
D:3:      minmay_inner_zag, layout_loops_corners,
          pdpol_temple_overflow_zin_treasury_gozag_greed, bloody_makhleb,
          minmay_tree_intersection, grunt_ministairs_7,
          amcnicky_mini_pool_small, kennysheep_generic_room_4
D:4:      layout_basic, grunt_temple_overflow_magic_moments, minivault_23,
          kennysheep_cross_room, minmay_fractal_squares_diagonal_5
D:5:      cheibrodos_fzero, layout_rooms, minmay_temple_entry_poolview,
          hex_medium, uniq_ijyb
D:6:      layout_basic, yredelemnul_altar_generic, serial_shops, shop_statue,
          kennysheep_windowed_goal
D:7:      layout_rooms, chei_slow_surprise, old_standard_altar, minitemple,
          serial_shops, nicolae_inconvenience_store,
          gammafunk_ghost_nasty_kobolds

Skill      XL: |  1  2  3  4  5  6  7  8 |
---------------+-------------------------+-----
Unarmed Combat | 3 4 6 7 9 10 | 10.9
Dodging        | 2 3 |  3.1
Invocations    | 2 3 |  3.3
Fighting       | |  2.9

Action                   |  1- 3 |  4- 6 |  7- 9 || total
-------------------------+-------+-------+-------++-------
Melee: Unarmed           |   119 |   129 |   171 ||   419
       Punch             |     1 |       |     7 ||     8
Invok: Bend Space        |       |       |     5 ||     5
Evoke: Wand              |       |       |     2 ||     2
  Use: Potion            |       |       |     1 ||     1
       Scroll            |       |       |    11 ||    11
 Stab: Sleeping          |       |     1 |     1 ||     2
Armor: Robe              |    49 |    36 |    40 ||   125
Dodge: Dodged            |    62 |    43 |    80 ||   185

Table legend: (Time is in decaauts)
 A = Elapsed time spent in this place.
 B = Non-inter-level travel time spent in this place.
 C = Inter-level travel time spent in this place.
 D = Time resting spent in this place.
 E = Time spent auto-exploring this place.
 F = Levels seen in this place.
 G = Mean time per level.
                   A        B        C        D        E       F      G
               +--------+--------+--------+--------+--------+-----+--------+
         Total |   5721 |   4812 |    909 |     72 |   3224 |   8 |  715.1 |
       Dungeon |   5715 |   4806 |    909 |     72 |   3221 |   7 |  816.4 |
         Abyss |      6 |      6 |      0 |      0 |      3 |   1 |    6.0 |
               +--------+--------+--------+--------+--------+-----+--------+

Top non-repeatable levels by time:
     D:3: 1268 daAuts
     D:5: 1092 daAuts
     D:4: 1045 daAuts
     D:2: 817 daAuts
     D:6: 765 daAuts
     D:1: 718 daAuts
     D:7: 7 daAuts
 Abyss:1: 6 daAuts
